 Dungeon Crawl Stone Soup version 0.30-a0-632-g346586fe48 (webtiles) character file.

Game seed: 5046523295821859767

30613 Mitcholas the Fighter (level 13, -2/103 HPs)
             Began as a Djinni Conjurer on Jan 13, 2023.
             Was an Elder of Makhleb.
             Slain by a harpy simulacrum (30 damage)
             ... in an ice cave.
             The game lasted 01:00:50 (14727 turns).

Mitcholas the Fighter (Djinni Conjurer)            Turns: 14727, Time: 01:00:51

Health: -2/103     AC:  5    Str:  6    XL:     13   Next: 90%
Gold:   805        EV: 16    Int: 25    God:    Makhleb [****..] SH:  6 Dex: 16

rFire   + + .      SeeInvis +    (no weapon)
rCold   x . .      Faith    .    O - +0 buckler
rNeg    . . .      Spirit   .    w - +1 robe "Duabuont" {Dex+4}
rPois   ∞          Reflect  .    t - +0 helmet
rElec   .          Harm     .    n - +0 cloak
rCorr   .          Rampage  .    (no gloves)
Will    +....                    (boots unavailable)
Stlth   ++                       (no amulet)
HPRegen 0.37/turn                o - ring of see invisible
MPRegen 0.00/turn                (no ring)

@: flying
A: sickness immunity, fire resistance 2, cold vulnerability 1, float, innate
caster, HP casting, extra vitality 1
a: Renounce Religion, Minor Destruction, Lesser Servant of Makhleb, Major
Destruction


You were in an ice cave.
You worshipped Makhleb.
Makhleb was greatly pleased with you.
You visited 3 branches of the dungeon, and saw 16 of its levels.
You also visited: Ice Cave.

You collected 805 gold pieces.

Inventory:

Missiles
 p - 5 throwing nets
 E - 2 atropa-tipped darts
 G - 2 curare-tipped darts
Armour
 n - a +0 cloak (worn)
 t - a +0 helmet (worn)
 w - the +1 robe "Duabuont" (worn) {Dex+4}
   (You found it on level 3 of the Dungeon)

   Dex:       It affects your dexterity (+4).
 B - a scarf of invisibility
 O - a +0 buckler (worn)
Jewellery
 o - a ring of see invisible (left hand)
Wands
 s - a wand of polymorph (3)
 H - a wand of light (10)
 L - a wand of flame (9)
 N - a wand of iceblast (1)
Scrolls
 c - 3 scrolls of enchant armour {unknown}
 d - a scroll of acquirement {unknown}
 f - 3 scrolls of blinking {unknown}
 g - 3 scrolls of immolation {unknown}
 h - 4 scrolls of fear {unknown}
 j - a scroll of poison {unknown}
 m - 2 scrolls of torment {unknown}
 q - a scroll of vulnerability {unknown}
 r - a scroll of magic mapping {unknown}
 u - 3 scrolls of amnesia {unknown}
 v - 14 scrolls of identify {unknown}
 y - a scroll of fog {unknown}
 C - 3 scrolls of teleportation {unknown}
 D - a scroll of noise {unknown}
 F - a scroll of enchant weapon {unknown}
 J - a scroll of butterflies {unknown}
Potions
 a - 2 potions of resistance {unknown}
 b - 2 potions of magic
 e - 3 potions of brilliance
 i - 3 potions of haste
 k - 4 potions of flight
 x - a potion of degeneration {unknown}
 z - 3 potions of ambrosia {unknown}
 A - 2 potions of curing {unknown}
 I - a potion of lignification {unknown}
 K - 3 potions of mutation {unknown}
 M - a potion of invisibility {unknown}
 P - a potion of might {unknown}


   Skills:
 * Level 13.4 Fighting
 - Level 4.0 Armour
 - Level 8.3 Dodging
 - Level 2.0 Stealth
 + Level 5.8 Shields
 * Level 10.9 Spellcasting
 + Level 7.6 Invocations


You had one spell level left.
You knew the following spells:

 Your Spells              Type           Power      Damage    Failure   Level
a - Magic Dart            Conj           100%       1d8       1%          1
b - Searing Ray           Conj           100%       2d8       1%          2
c - Dazzling Flash        Conj/Hex       100%       N/A       1%          3
d - Fulminant Prism       Conj/Hex       31%        3d15      1%          4
e - Iskenderun's Mystic   Conj/Tloc      62%        2d13      1%          4
f - Sting                 Tmut/Pois      100%       1d8       1%          1
g - Momentum Strike       Conj/Tloc      100%       3d10      1%          2
h - Lesser Beckoning      Tloc           100%       N/A       1%          3
i - Swiftness             Air            62%        N/A       1%          3
j - Summon Lightning Spi  Summ/Air       62%        N/A       1%          4
k - Lee's Rapid Deconstr  Erth           31%        3d16*     1%          5
Your spell library was empty.

Dungeon Overview and Level Annotations

Branches:
Dungeon (10/15)            Temple (1/1) D:7            Lair (5/5) D:9
  Slime (0/5) Lair:4          Orc (0/2) D:9           IceCv (1/1)
  Swamp: Lair:2-3    Shoals: Lair:2-3     Snake: Lair:2-3    Spider: Lair:2-3

Altars:
Ashenzari
Cheibriados
Dithmenos
Elyvilon
Fedhas
Gozag
Hepliaklqana
Makhleb
Nemelex Xobeh
Okawaru
Qazlal
Ru
Trog
Uskayaw
Wu Jian
Xom
Yredelemnul
Zin
The Shining One
Jiyva

Shops:
D:3 !(*(   D:8 =[::=   D:9 :   D:10 (

Annotations:
Lair:4 3 runed translucent doors, wormed's ghost, journeyman GnEE


Innate Abilities, Weirdness & Mutations

You are immune to sickness and miasma.
You are immune to poison.
Your flesh is very heat resistant. (rF++)
You are vulnerable to cold. (rC-)
You float through the air rather than walking.
You learn spells naturally, not from books.
Your magical power is your life essence.
You have superior vitality. (+4 MHP)


Message History

The bolt of electricity hits the ice devil!
You feel much better.
The harpy simulacrum claws your lightning spire but does no damage.
The harpy simulacrum claws your lightning spire.
The harpy simulacrum freezes your lightning spire.
Your lightning spire resists.
The harpy simulacrum claws your lightning spire.
The harpy simulacrum freezes your lightning spire.
Your lightning spire resists.
The harpy simulacrum claws your lightning spire!
The harpy simulacrum freezes your lightning spire.
Your lightning spire resists.
Casting: Summon Lightning Spire (mildly dangerous; 1% risk of failure)
Confirm with . or Enter, or press ? or * to list all spells.
Aiming: Searing Ray (safe; 1% risk of failure)
Press: ? - help, Shift-Dir - straight line
Okay, then.
Casting: Searing Ray (safe; 1% risk of failure)
Confirm with . or Enter, or press ? or * to list all spells.
Aiming: Searing Ray (safe; 1% risk of failure)
Press: ? - help, Shift-Dir - straight line, f - harpy simulacrum
Aim: a harpy simulacrum (severely damaged, not watching you, ally target, 94% to hit)
The searing ray misses the harpy simulacrum. (Press . to maintain the ray.)
The harpy simulacrum claws your lightning spire.
The harpy simulacrum freezes your lightning spire.
Your lightning spire resists.
The harpy simulacrum claws your lightning spire but does no damage.
The harpy simulacrum claws your lightning spire.
The harpy simulacrum freezes your lightning spire.
Your lightning spire resists.
The harpy simulacrum claws your lightning spire but does no damage.
The searing ray hits the harpy simulacrum.
The harpy simulacrum is almost destroyed.
The harpy simulacrum completely misses you.
The harpy simulacrum claws you but does no damage.
The harpy simulacrum claws you!
* * * LOW HITPOINT WARNING * * *
The harpy simulacrum freezes you!!
You feel a terrible chill!
You die...

##.............#
#...............#
#....Z..........#
#.......⌠.......#
#...............#
#.....4.........#
##.............##
#.............#
##..@Z.......##
##.#8....#.##
####...####
#...## ##...#
##...# #...##
##...## ##.....##


You could see an ice devil (distracted), a dire elephant simulacrum, a harpy
simulacrum (ally target) and a friendly lightning spire (summoned).

Vanquished Creatures
  A hydra (D:9)
  6 death yaks
  A lindwurm (Lair:4)
  2 ice statues (IceCv)
  3 black mambas
  15 elephants
  7 cane toads
  A torpor snail (Lair:1)
  3 komodo dragons
  A rime drake (Lair:1)
  2 polar bears
  A hornet (D:10)
  3 blink frogs (Lair:3)
  11 yaks
  A basilisk (Lair:5)
  2 wyverns
  3 steam dragons
  12 water moccasins
  4 orc warriors (D:9)
  3 ice beasts
  2 ogres (D:5)
  2 black bears
  3 centaurs
  2 phantoms
  5 wolves (Lair:1)
  3 kobold brigands
  A gnoll sergeant (D:10)
  5 bullfrogs
  A necrophage (D:5)
  3 scorpions
  15 wights
  8 killer bees
  3 howler monkeys (D:7)
  A centaur zombie (D:7)
  A bullfrog zombie (D:7)
  4 hounds
  5 jellies
  3 orc priests
  3 iguanas
  9 orc wizards
  Terence (D:2)
  A howler monkey zombie (D:7)
  10 gnolls
  2 adders
  3 shadow imps
  9 white imps (Lair:5)
  2 ufetubi (D:4)
  5 dart slugs
  30 orcs
  6 bats
  3 endoplasms
  4 giant cockroaches
  12 goblins
  6 hobgoblins
  12 jackals
  15 kobolds
  3 quokkas
  9 ball pythons
  5 frilled lizards
  A goblin skeleton (D:6)
  2 goblin zombies (D:6)
  A hobgoblin zombie (D:6)
  2 kobold skeletons (D:6)
  A kobold zombie (D:6)
  An orc skeleton (D:6)
  An orc zombie (D:6)
  5 rats
313 creatures vanquished.

Vanquished Creatures (collateral kills)
  Harold (Lair:1)
  3 hydras
  3 elephants
  A black mamba (Lair:1)
  A komodo dragon (Lair:1)
  3 ice devils (IceCv)
  A polar bear (Lair:2)
  A wyvern (Lair:3)
  6 yaks
  2 harpy simulacra (IceCv)
  3 water moccasins
  A bullfrog (Lair:1)
  A two-headed ogre simulacrum (IceCv)
  An elephant simulacrum (IceCv)
  A jelly (Lair:4)
  A wolf simulacrum (IceCv)
  A gnoll (D:10)
  4 white imps
  A kobold (D:10)
36 creatures vanquished.

Vanquished Creatures (others)
  48 fulminant prisms
  21 fungi
  15 plants
  5 withered plants (D:7)
89 creatures vanquished.

Grand Total: 438 creatures vanquished

Notes
Turn   | Place    | Note
-------+----------+-------------------------------------------
     0 | D:1      | Mitcholas the Djinni Conjurer began the quest for the Orb.
     0 | D:1      | Mitcholas set off with the following spells memorised:
                  | Magic Dart, Searing Ray, Dazzling Flash, Fulminant Prism,
                  | Iskenderun's Mystic Blast.
     0 | D:1      | Reached XP level 1. HP: 15/15 MP: 0/0
    70 | D:1      | Reached XP level 2. HP: 21/22 MP: 0/0
   237 | D:1      | Reached skill level 1 in Fighting
   243 | D:1      | Reached XP level 3. HP: 13/27 MP: 0/0
   243 | D:1      | Learned a level 1 spell: Sting
  1098 | D:2      | Reached skill level 1 in Armour
  1432 | D:2      | Reached XP level 4. HP: 30/32 MP: 0/0
  1792 | D:3      | Found a shadowy altar of Dithmenos.
  1805 | D:3      | Found Xaodampi's Antique Weapon Emporium.
  1819 | D:3      | Found Hiots's General Store.
  2005 | D:3      | Reached skill level 2 in Fighting
  2089 | D:3      | Noticed Terence
  2120 | D:2      | Killed Terence
  2121 | D:2      | Reached XP level 5. HP: 22/38 MP: 0/0
  2121 | D:2      | Learned a level 2 spell: Momentum Strike
  2299 | D:3      | Found Tiecadad's Distillery.
  2305 | D:3      | Found Netusis's Weapon Emporium.
  2421 | D:3      | Found a faded altar of an unknown god.
  2426 | D:3      | Identified the +1 robe "Duabuont" {Dex+4}
  2446 | D:3      | Found a blossoming altar of Fedhas.
  2720 | D:4      | Noticed an ice beast
  2794 | D:4      | Reached XP level 6. HP: 40/45 MP: 0/0
  2976 | D:4      | Found a sparkling altar of Nemelex Xobeh.
  2977 | D:4      | Found a stormy altar of Qazlal.
  3019 | D:4      | Killed an ice beast
  3020 | D:4      | Reached skill level 3 in Fighting
  3476 | D:5      | Entered Level 5 of the Dungeon
  3681 | D:5      | Reached XP level 7. HP: 45/50 MP: 0/0
  3681 | D:5      | Learned a level 3 spell: Lesser Beckoning
  3932 | D:5      | Reached skill level 4 in Fighting
  4191 | D:5      | Reached XP level 8. HP: 49/58 MP: 0/0
  4457 | D:6      | Reached skill level 5 in Spellcasting
  4645 | D:6      | Found a glowing golden altar of the Shining One.
  4652 | D:6      | Reached skill level 5 in Fighting
  4780 | D:6      | Found a white marble altar of Elyvilon.
  5147 | D:6      | Identified the +6 ring mail of Resilience {rElec rCorr
                  | Str-2 Dex-4}
  5240 | D:7      | Reached skill level 6 in Fighting
  5240 | D:7      | Reached skill level 5 in Dodging
  5240 | D:7      | Reached XP level 9. HP: 54/66 MP: 0/0
  5240 | D:7      | Learned a level 3 spell: Swiftness
  5385 | D:7      | Found a staircase to the Ecumenical Temple.
  5418 | D:7      | Reached skill level 7 in Fighting
  6031 | Temple   | Entered the Ecumenical Temple
  6122 | Temple   | Became a worshipper of Makhleb the Destroyer
  6250 | D:7      | Reached XP level 10. HP: 54/76 MP: 0/0
  6358 | D:7      | Found an ornate altar of the Wu Jian Council.
  6606 | D:8      | Reached skill level 1 in Invocations
  6609 | D:8      | Reached skill level 8 in Fighting
  6694 | D:8      | Found Joc Cacosu's Book Emporium.
  6781 | D:8      | Found Tinwevva's Jewellery Boutique.
  6803 | D:8      | Found Ilouzo's Book Shop.
  6905 | D:8      | Found Ewoixix's Antique Armour Boutique.
  6932 | D:8      | Found Edy Xegew's Jewellery Shoppe.
  6961 | D:8      | Found a snail-covered altar of Cheibriados.
  7247 | D:9      | Found a staircase to the Lair.
  7247 | D:9      | Noticed a death yak
  7247 | D:9      | Noticed a death yak
  7256 | D:9      | Noticed a death yak
  7257 | D:9      | Noticed a death yak
  7259 | D:9      | Killed a death yak
  7262 | D:9      | Noticed a death yak
  7611 | D:9      | Reached skill level 9 in Fighting
  7812 | D:9      | Reached * piety under Makhleb
  7905 | D:9      | Noticed a death yak
  8165 | D:8      | Killed a death yak
  8166 | D:8      | Reached XP level 11. HP: 34/84 MP: 0/0
  8166 | D:8      | Learned a level 4 spell: Summon Lightning Spire
  8538 | D:9      | Found Usiezisa's Book Boutique.
  8600 | D:9      | Killed a death yak
  8787 | D:9      | Killed a death yak
  8791 | D:9      | Killed a death yak
  8792 | D:9      | Reached skill level 10 in Fighting
  8808 | D:9      | Killed a death yak
  9254 | D:9      | Noticed a seven-headed hydra
  9264 | D:9      | Killed a seven-headed hydra
  9455 | D:9      | Reached ** piety under Makhleb
  9461 | D:9      | Found a staircase to the Orcish Mines.
  9587 | D:10     | Entered Level 10 of the Dungeon
 10037 | D:10     | Found Lufypusy's Antique Weapon Shop.
 10190 | Lair:1   | Entered Level 1 of the Lair of Beasts
 10220 | Lair:1   | Reached skill level 1 in Shields
 10451 | Lair:1   | Reached skill level 5 in Invocations
 10451 | Lair:1   | Reached XP level 12. HP: 38/93 MP: 0/0
 10891 | Lair:1   | Noticed a six-headed hydra
 10896 | Lair:1   | Killed a six-headed hydra
 10919 | Lair:1   | Reached skill level 11 in Fighting
 11458 | Lair:1   | Noticed Harold
 11469 | Lair:1   | Killed Harold
 11499 | Lair:1   | Reached *** piety under Makhleb
 12282 | Lair:2   | Reached skill level 12 in Fighting
 12417 | Lair:2   | Noticed a six-headed hydra
 12422 | Lair:2   | Killed a six-headed hydra
 12659 | Lair:2   | Reached XP level 13. HP: 94/101 MP: 0/0
 12659 | Lair:2   | Learned a level 5 spell: Lee's Rapid Deconstruction
 12661 | Lair:2   | Reached skill level 10 in Spellcasting
 12820 | Lair:3   | Noticed a six-headed hydra
 12837 | Lair:3   | Killed a six-headed hydra
 12985 | Lair:3   | You are sucked into a shaft and drop 1 floor!
 13194 | Lair:4   | Reached skill level 5 in Shields
 13336 | Lair:4   | Found a staircase to the Slime Pits.
 13340 | Lair:4   | Found a viscous altar of Jiyva.
 13386 | Lair:4   | Reached **** piety under Makhleb
 13455 | Lair:4   | Found a runed translucent gate.
 13456 | Lair:4   | Found a runed translucent gate.
 13456 | Lair:4   | Noticed an azure jelly
 13457 | Lair:4   | Found a runed translucent gate.
 13457 | Lair:4   | Noticed an azure jelly
 13458 | Lair:4   | Noticed a quicksilver ooze
 13458 | Lair:4   | Noticed an acid blob
 13458 | Lair:4   | Noticed wormed's ghost (journeyman GnEE)
 13458 | Lair:4   | Noticed an azure jelly
 13458 | Lair:4   | Noticed an azure jelly
 13458 | Lair:4   | Noticed an azure jelly
 13458 | Lair:4   | Noticed an acid blob
 13459 | Lair:4   | Noticed a quicksilver ooze
 13459 | Lair:4   | Noticed a great orb of eyes
 13460 | Lair:4   | Noticed an acid blob
 13466 | Lair:4   | Noticed an azure jelly
 13469 | Lair:4   | Found a viscous altar of Jiyva.
 14137 | Lair:5   | Entered Level 5 of the Lair of Beasts
 14137 | Lair:5   | Found a frozen archway.
 14144 | Lair:5   | Reached skill level 13 in Fighting
 14298 | Lair:5   | Identified the +5 scale mail "Zafyato" {Fly Str-5 Dex+2
                  | SInv}
 14307 | IceCv    | Entered an ice cave
 14388 | IceCv    | HP: 4/103 [ice statue] (24)]
 14727 | IceCv    | Slain by a harpy simulacrum

Illustrated notes

Levels and vault maps discovered:
D:1:      saegor_arrival_simple_c, layout_basic, minmay_3d_cube
D:2:      layout_loops_ring, serial_park_tiny_pond
D:3:      layout_basic, fedhas_altar_2, grunt_dithmenos_smoke,
          shapermc_ecumenical_altar_pompeii, serial_shops,
          nicolae_shop_hallway_plus, shop, shop, shop, minmay_misc_feat_x,
          uniq_terence
D:4:      layout_rooms, nicolae_overflow_squiral, minmay_misc_feat_pillars,
          kennysheep_generic_room_16
D:5:      layout_loops_ring
D:6:      layout_cave_pools, nicolae_tso_besieged_by_evil, old_standard_altar,
          chequers_mini_garden
D:7:      layout_rooms, nicolae_overflow_hidden_temple,
          overflow_temple_1_default, minmay_temple_entry_large_hall,
          serial_undead, serial_undead_d, serial_undead_b, serial_undead_e,
          serial_undead_b, nicolae_concentric_dashed_squares_wild
D:8:      layout_basic, kennysheep_slug_shrine, serial_shops, shop, shop_statue,
          nicolae_diamond_shop, nicolae_shop_statue_plus, kennysheep_mini
D:9:      layout_gridville, dpeg_lair_monsters, david_orc_4, serial_shops,
          nicolae_diamond_shop, enter_bailey_4
D:10:     layout_rooms, serial_shops, nicolae_shop_stone
Temple:   nicolae_temple_ecumenical_triangle
Lair:1:   layout_long_grid, minmay_stone_trees_medium, uniq_harold
Lair:2:   layout_regular_city
Lair:3:   layout_cave_pods, nicolae_shoals_entry_roost, dummy_spider_entry,
          serial_bayou_lagoon_a
Lair:4:   layout_gridlike, nicolae_slime_entry_field_trip, gammafunk_ghost_ooze
Lair:5:   wormcave, layout_cellular_growth, portal_ice_cave_entry_imps,
          lemuel_fruit_tree
IceCv:    ice_cave_tombish

Skill      XL: |  1  2  3  4  5  6  7  8  9 10 11 12 13 |
---------------+----------------------------------------+-----
Fighting       | 1 2 3 4 6 7 9 10 12 13 | 13.4
Armour         | 1 2 3 4 |  4.0
Stealth        | 2 |  2.0
Dodging        | 3 4 5 6 7 8 |  8.3
Spellcasting   | 4 5 6 7 8 9 10 | 10.9
Invocations    | 3 5 6 7 |  7.6
Shields        | 1 4 5 |  5.8

Action                   |  1- 3 |  4- 6 |  7- 9 | 10-12 | 13-15 || total
-------------------------+-------+-------+-------+-------+-------++-------
Melee: Unarmed           |       |     1 |       |       |       ||     1
 Cast: Magic Dart        |    72 |    77 |    95 |   111 |    32 ||   387
       Searing Ray       |     5 |    18 |    44 |    80 |    24 ||   171
       Fulminant Prism   |       |       |     8 |    27 |    13 ||    48
       Iskenderun's Myst |       |       |    14 |    64 |    23 ||   101
       Summon Lightning  |       |       |       |    22 |    15 ||    37
Evoke: Wand              |       |       |       |     2 |       ||     2
  Use: Potion            |       |       |     3 |     1 |     4 ||     8
Armor: Robe              |     2 |     3 |     5 |    13 |    13 ||    36
Dodge: Dodged            |     5 |    22 |    46 |    70 |    46 ||   189
Block: Buckler           |       |       |       |     5 |    16 ||    21

Table legend: (Time is in decaauts)
 A = Elapsed time spent in this place.
 B = Non-inter-level travel time spent in this place.
 C = Inter-level travel time spent in this place.
 D = Time resting spent in this place.
 E = Time spent auto-exploring this place.
 F = Levels seen in this place.
 G = Mean time per level.
                   A        B        C        D        E       F      G
               +--------+--------+--------+--------+--------+-----+--------+
         Total |  14720 |  14129 |    591 |   4155 |   7825 |  17 |  865.9 |
       Dungeon |  10063 |   9518 |    545 |   2462 |   5534 |  10 | 1006.3 |
        Temple |    108 |     92 |     16 |      0 |     76 |   1 |  108.0 |
          Lair |   4127 |   4097 |     30 |   1422 |   2215 |   5 |  825.4 |
      Ice Cave |    419 |    419 |      0 |    271 |      0 |   1 |  419.0 |
               +--------+--------+--------+--------+--------+-----+--------+

Top non-repeatable levels by time:
     D:9: 1926 daAuts
  Lair:1: 1804 daAuts
  Lair:4: 1151 daAuts
     D:8: 1137 daAuts
     D:1: 1067 daAuts
     D:7: 1001 daAuts
     D:3: 958 daAuts
     D:6: 954 daAuts
     D:5: 929 daAuts
  Lair:2: 836 daAuts
     D:2: 786 daAuts
     D:4: 706 daAuts
    D:10: 595 daAuts
   IceCv: 419 daAuts
  Lair:5: 169 daAuts
